Clef, chaotic female elven Ranger ---- ----..| ---- --.|...-----------..| |<....^......|-.....-- --.|...-----.|.......| --|...| --........- -.--- --...G....-| ..| |..........-- | ---| --.-.%.......----- .| |.....................| |........)--.........-- --......^.||.G.--...-- -........----..------ .......... |d..| ........--.--- ---@--- ........... ..| |.(.-- -------.... ---- ---..-- --... |...- ... --..... --.- ------- -- Clef the Tenderfoot Experience level: 1 Strength: 18 Dexterity: 9 Constitution: 16 Intelligence: 14 Wisdom: 14 Charisma: 9 Health: 0(12) Energy: 6(6) Def: 14 Gold: 987 Moves: 3308 Dungeon seed: kIWR4Ajw8oVlUBZj Game ID: Clef_1606399547 Your Inventory: Weapons a - an uncursed +1 elven dagger d - an uncursed +0 dwarvish spear (weapon in hand) e - an uncursed +1 elven bow (alternate weapon; not wielded) k - 3 uncursed +0 orcish daggers z - 11 uncursed +0 arrows L - 11 uncursed +0 darts M - 105 uncursed +2 elven arrows N - 33 uncursed +0 elven arrows (in quiver) V - 32 cursed +0 elven arrows Armor b - an uncursed burnt +2 elven cloak (being worn) q - an uncursed +0 Hawaiian shirt E - a blessed +3 dwarvish roundshield (being worn) F - an uncursed +0 orcish helm (being worn) O - an uncursed +0 chain mail (being worn) Comestibles c - a cursed food ration f - 7 uncursed lembas wafers g - 4 cursed lembas wafers h - 2 cursed lichen corpses s - 2 uncursed fortune cookies X - 2 uncursed carrots Scrolls p - a blessed scroll of enchant armor t - an uncursed scroll of scare monster D - an uncursed scroll of teleportation Q - a cursed scroll of enchant weapon T - a cursed scroll of stinking cloud Spellbooks j - a cursed spellbook of sleep v - an uncursed spellbook of detect monsters Potions i - a cursed potion of monster detection w - an uncursed potion of oil R - a cursed potion of blindness S - an uncursed potion of see invisible U - a cursed potion of healing W - an uncursed potion of water Rings m - an uncursed ring of aggravate monster x - an uncursed ring of fire immunity Wands y - an uncursed wand of digging (0:3) P - a cursed wand of sleep (0:4) Tools l - an uncursed wax candle (0:400) o - 11 cursed tallow candles (0:200) C - an uncursed blindfold I - an uncursed crystal ball (0:4) K - 2 uncursed tallow candles (0:200) Gems n - 2 uncursed worthless pieces of red glass r - an uncursed worthless piece of white glass u - an uncursed luckstone A - a cursed fluorite stone B - a cursed worthless piece of white glass G - an uncursed aquamarine stone H - an uncursed opal J - an uncursed worthless piece of violet glass Y - an uncursed garnet stone Z - an uncursed worthless piece of blue glass Coins $ - 987 gold pieces Spells and supernatural/magical abilities: Name Level Category Cost Memory W - pray for help -- divine ? -- Your skills at the end: Fighting Skills wands [Basic] Weapon Skills dagger [Basic] bow [Basic] Spellcasting Skills Final Attributes: You were piously aligned. You were immune to sleep. You saw invisible. You had automatic searching. You had infravision. You were stealthy. You were lucky. You had extra luck. Bad luck did not time out for you. Good luck did not time out for you. Mars was noncommittal. You are dead. Vanquished creatures: a ghost a dwarf lord a shrieker 3 gnome lords a kitten 3 dwarves 4 hill orcs a werejackal an iguana an acid blob 2 coyotes 3 hobbits 4 manes a large kobold a hobgoblin a cave spider a green mold 10 gnomes 2 geckos 12 jackals 3 foxes a kobold 2 goblins 2 sewer rats 17 grid bugs 3 bats 3 lichens 7 newts 92 creatures vanquished. Voluntary challenges: You were an atheist. You used a wielded weapon 3 times, starting on turn 660. You read items or engraved 1 time, starting on turn 1075. You never genocided any monsters. You never polymorphed an object. You never changed form. You used no wishes. You never split a pudding. You never wrote Elbereth's name. You never violated your personal moral code. Dungeon overview: The Dungeons of Doom: levels 1 to 6 Level 1 a long staircase Level 2 a weapon shop, some fountains, a sink Level 3 Level 4 a vault stairs to The Gnomish Mines Level 5 Level 6 The Gnomish Mines: levels 5 to 7 Level 5 stairs to The Dungeons of Doom Level 6 Level 7 <- You were here History has recorded: On T:1 you entered the Dungeons of Doom to retrieve the Amulet of Yendor! On T:114 you reached level 2 of The Dungeons of Doom. On T:737 you reached level 3 of The Dungeons of Doom. On T:951 you reached level 4 of The Dungeons of Doom. On T:1701 you reached level 1 of The Gnomish Mines. On T:2404 you reached level 5 of The Dungeons of Doom. On T:2487 you reached level 6 of The Dungeons of Doom. On T:3113 you reached level 2 of The Gnomish Mines. On T:3254 you reached level 3 of The Gnomish Mines. Score breakdown: Gold: 987 (10187 points) Experience: 1 level ( 0 points) Exploration: 7 levels ( 14.89%) (10834 points) Discoveries: 3 items ( 1.02%) ( 3025 points) Valuables value: (no points given unless you survive) Artifact value: 0 ( 0 points) Variety of kills: 28 monsters ( 7.37%) ( 8143 points) Turncount: 3308 turns ( -744 points) Survival: died (score multiplied by 80%) Total score: 25156 Latest messages: You stop eating. The force bolt hits you! [2 turns] You hear some noises in the distance. [2 turns] You hear some noises in the distance. (2x) [2 turns] You hear some noises in the distance. [2 turns] You stop. Vega is in the way! [2 turns] There are a few objects here. Your knapsack cannot accommodate any more items. Vega picks up 4 candles. You drop a sling. [2 turns] You have a little trouble lifting z - 11 arrows. Vega drops 4 candles. The gnomish wizard casts a spell! You stop exploring. The force bolt hits you! You die... For some reason, you think that you can almost hear the Wizard laugh manically... Final status: Goodbye Clef the Ranger, killed by a gnomish wizard's force bolt... You died in The Gnomish Mines on dungeon level 7 with 25156 points, and 987 pieces of gold, after 3308 moves. You were level 1 with a maximum of 12 hit points when you died.